Moose vs Rampage
Created - Wednesday, February 19, 2025 at 21:06
Goals
|
Moose |
0 |
1 |
1 |
0 |
3 |
3 |
Rampage |
1 |
0 |
1 |
0 |
2 |
2 |
|
Shots
|
Moose |
9 |
24 |
14 |
1 |
8 |
48 |
Rampage |
11 |
8 |
19 |
4 |
8 |
42 |
|
1st period
1. Rampage , Hudson Fasching 19 (Victor Soderstrom 38, Max Sasson 25) at 0:18
Penalties :
Ryan Suzuki (SAR) for Roughing (Minor) at 6:11, Victor Soderstrom (SAR) for Hooking (Minor) at 10:20, Max Sasson (SAR) for Slashing (Minor) at 12:52, Daniil Chayka (MAN) for Tripping (Minor) at 15:18, Lukas Cormier (MAN) for Tripping (Minor) at 18:07
2nd period
2. Moose , Akil Thomas 17 (Kieffer Bellows 32, Aatu Raty 30) at 2:43 (PP)
Penalties :
Brad Malone (SAR) for Slashing (Minor) at 2:11, Michal Teply (SAR) for Roughing (Minor) at 3:48, Alex Green (SAR) for Delaying the game (Minor) at 10:38, Victor Soderstrom (SAR) for Tripping (Minor) at 11:01, Aaron Ness (SAR) for Tripping (Minor) at 13:02, Victor Soderstrom (SAR) for Roughing (Minor) at 17:14, Samuel Poulin (MAN) for Holding (Minor) at 18:42
3rd period
3. Rampage , Cole Koepke 20 (Brad Hunt 33, Michal Teply 26) at 17:18 (PP)
4. Moose , Aatu Raty 25 (Kieffer Bellows 33, Lukas Cormier 16) at 19:51
Penalties :
Lukas Cormier (MAN) for Tripping (Minor) at 3:26, Alex Green (SAR) for Cross-checking (Minor) at 11:51, Lian Bichsel (MAN) for Hooking (Minor) at 16:08
Overtime #1
No Goal
Penalties :
No Penalty
Shootout
Moose, Kieffer Bellows - Shot Misses the Net
Rampage, Cole Koepke - Stopped by Jack Campbell
Moose, Joshua Roy - Goal!
Rampage, Waltteri Merela - Goal!
Moose, Aatu Raty - Goal!
Rampage, Ryan Suzuki - Goal!
Moose, Kyle MacLean - Stopped by Michael Houser
Rampage, Michal Teply - Stopped by Jack Campbell
Moose, Akil Thomas - Stopped by Michael Houser
Rampage, Brad Malone - Shot Misses the Net
Moose, Samuel Poulin - Stopped by Michael Houser
Rampage, Hudson Fasching - Stopped by Jack Campbell
Moose, Emil Heineman - Stopped by Michael Houser
Rampage, Max Sasson - Shot Misses the Net
Moose, Zachary L'Heureux - Goal!
Rampage, Caedan Bankier - Stopped by Jack Campbell
Penalties :
No Penalty
Goalie Stats
Jack Campbell (MAN), 40 saves from 42 shots - (0.952), W, 31-11-1, 64:12 minutes
Michael Houser (SAR), 46 saves from 48 shots - (0.958), OTL, 21-18-2, 65:00 minutes
Players Stats for Moose
Player Name G A P +/- PIM S H SB GA TA FO MP PP MP PK MP
------------------------------------------------------------------------------------
Aatu Raty 1 1 2 0 0 5 2 0 0 0 14/30 25:43 8:43 2:16
Akil Thomas 1 0 1 0 0 5 1 0 0 0 10/17 21:08 8:08 1:59
Daniil Chayka 0 0 0 0 2 0 1 2 0 0 0/0 13:34 0:59 1:21
Emil Heineman 0 0 0 0 0 2 0 0 0 0 0/0 17:47 6:54 0:00
Joshua Roy 0 0 0 0 0 2 1 0 0 0 1/1 15:10 1:14 5:52
Kieffer Bellows 0 2 2 0 0 5 3 1 0 0 8/17 27:02 8:01 4:40
Kyle MacLean 0 0 0 0 0 6 3 0 0 0 17/27 21:34 6:54 1:46
Lian Bichsel 0 0 0 1 2 1 0 1 0 0 0/0 13:16 2:08 0:06
Luca Del Bel Belluz 0 0 0 0 0 0 0 0 0 0 2/3 3:38 1:54 0:00
Lukas Cormier 0 1 1 1 4 2 4 1 0 0 0/0 21:39 6:32 2:16
Marc Gatcomb 0 0 0 0 0 0 0 0 0 0 0/0 0:00 0:00 0:00
Mikhail Maltsev 0 0 0 0 0 4 1 0 0 0 0/0 11:40 0:00 0:00
Ryan Tverberg 0 0 0 0 0 1 1 0 0 0 1/2 11:40 0:00 0:00
Samuel Poulin 0 0 0 0 2 2 2 0 0 0 0/3 18:12 6:53 0:00
Tyson Barrie 0 0 0 -1 0 8 0 5 0 0 0/0 27:25 8:45 4:14
Ville Ottavainen 0 0 0 -1 0 1 6 5 0 0 0/0 27:03 8:10 4:58
Wyatte Wylie 0 0 0 0 0 1 2 1 0 0 0/0 21:59 5:58 4:15
Zachary L'Heureux 0 0 0 0 0 3 2 0 0 0 4/7 7:19 0:06 0:37
Players Stats for Rampage
Player Name G A P +/- PIM S H SB GA TA FO MP PP MP PK MP
------------------------------------------------------------------------------------
Aaron Ness 0 0 0 0 2 2 0 0 0 0 0/0 12:37 0:00 1:01
Alex Green 0 0 0 0 4 0 1 0 0 0 0/0 13:50 0:00 1:50
Anthony Angello 0 0 0 0 0 0 0 0 0 0 0/0 0:00 0:00 0:00
Brad Hunt 0 1 1 1 0 5 3 2 0 0 0/0 30:13 5:05 9:20
Brad Malone 0 0 0 0 2 1 1 0 0 0 4/6 21:33 3:46 5:48
Caedan Bankier 0 0 0 0 0 0 0 0 0 0 1/2 1:36 0:00 1:36
Cole Koepke 1 0 1 1 0 5 2 1 0 0 8/18 20:53 4:49 0:00
Dawson Barteaux 0 0 0 -1 0 0 0 1 0 0 0/0 21:58 3:30 7:33
Hudson Fasching 1 0 1 1 0 7 1 0 0 0 0/0 15:05 0:00 0:15
Lucas Johansen 0 0 0 -1 0 1 1 3 0 0 0/0 20:28 3:30 6:43
Luke Henman 0 0 0 0 0 0 0 0 0 0 0/0 0:00 0:00 0:00
Max Sasson 0 1 1 1 2 2 2 0 0 0 3/5 15:13 0:00 0:00
Michal Teply 0 1 1 -1 2 3 2 1 0 0 3/15 21:28 4:49 6:30
Rhett Gardner 0 0 0 -1 0 2 2 0 0 0 5/13 10:35 0:00 0:25
Ryan Suzuki 0 0 0 0 2 6 1 1 0 0 22/35 23:54 3:46 6:29
Ryder Rolston 0 0 0 0 0 2 0 0 0 0 1/1 17:32 3:46 2:11
Victor Soderstrom 0 1 1 1 6 2 2 0 0 0 0/0 25:33 5:05 5:49
Waltteri Merela 0 0 0 -1 0 4 1 3 0 0 3/12 23:59 4:49 7:57
3 Stars
1 - Michael Houser (SAR)
2 - Jack Campbell (MAN)
3 - Aatu Raty (MAN)
Power Play
Moose - 1 on 10 Attempt(s) - 10.00%
Rampage - 1 on 5 Attempt(s) - 20.00%
Penalty Kill
Moose - 4 on 5 Attempt(s) - 80.00%
- Score 0 goal in Penalty Kill
Rampage - 9 on 10 Attempt(s) - 90.00%
- Score 0 goal in Penalty Kill
Team Stat
Moose - Hits : 29 - Faceoff Wins : 57 - Blocked Shots : 16 - Penalty Minutes : 10
Rampage - Hits : 19 - Faceoff Wins : 50 - Blocked Shots : 12 - Penalty Minutes : 20
Official
Referees : Graham Skilliter and Furman South
Linesman : Travis Toomey and Mark Shewchyk
Game Notes
No Game Note
Finance
Level 1 -- Attendance: 1716 (85.80%) -- Ticket Income $60,060
Level 2 -- Attendance: 1000 (100.00%) -- Ticket Income $15,000
Total Attendance: 2716 (90.53%)
Total Ticket Income: $75,060
Other Income: $36,779
Total Income: $111,839
Moose
5 vs 5 Forward
Center Left Wing Right Wing Time % Phy DF OF
1 Aatu Raty Kieffer Bellows Joshua Roy 25 1 2 2
2 Kyle MacLean Samuel Poulin Emil Heineman 25 1 2 2
3 Akil Thomas Mikhail Maltsev Ryan Tverberg 25 1 2 2
4 Zachary L'Heureux Kieffer Bellows Aatu Raty 25 1 2 2
5 vs 5 Defense
Defense Defense Time % Phy DF OF
1 Tyson Barrie Ville Ottavainen 25 1 2 2
2 Lukas Cormier Wyatte Wylie 25 1 2 2
3 Lian Bichsel Daniil Chayka 25 1 2 2
4 Tyson Barrie Ville Ottavainen 25 1 2 2
PowerPlay Forward
Center Left Wing Right Wing Time % Phy DF OF
1 Aatu Raty Kieffer Bellows Akil Thomas 60 1 2 2
2 Kyle MacLean Samuel Poulin Emil Heineman 40 1 2 2
PowerPlay Defense
Defense Defense Time % Phy DF OF
1 Tyson Barrie Ville Ottavainen 60 1 2 2
2 Lukas Cormier Wyatte Wylie 40 1 2 2
Penalty Kill 4 Players Forward
Center Wing Time % Phy DF OF
1 Kieffer Bellows Joshua Roy 60 1 2 2
2 Aatu Raty Kyle MacLean 40 1 2 2
Penalty Kill 4 Players Defense
Defense Defense Time % Phy DF OF
1 Tyson Barrie Ville Ottavainen 60 1 2 2
2 Lukas Cormier Wyatte Wylie 40 1 2 2
Penalty Kill - 3 Players Forward
Forward Time % Phy DF OF
1 Kieffer Bellows 60 1 2 2
2 Aatu Raty 40 1 2 2
Penalty Kill - 3 Players Defense
Defense Defense Time % Phy DF OF
1 Tyson Barrie Ville Ottavainen 60 1 2 2
2 Lukas Cormier Wyatte Wylie 40 1 2 2
4 vs 4 Forward
Center Wing Time % Phy DF OF
1 Kieffer Bellows Akil Thomas 60 1 2 2
2 Aatu Raty Kyle MacLean 40 1 2 2
4 vs 4 Defense
Defense Defense Time % Phy DF OF
1 Tyson Barrie Ville Ottavainen 60 1 2 2
2 Lukas Cormier Wyatte Wylie 40 1 2 2
Last Minutes Offensive
Center Left Wing Right Wing Defense Defense
Aatu Raty Kieffer Bellows Joshua Roy Tyson Barrie Ville Ottavainen
Last Minutes Defensive
Center Left Wing Right Wing Defense Defense
Aatu Raty Kieffer Bellows Joshua Roy Tyson Barrie Ville Ottavainen
Goaltenders
Starting : Jack Campbell
Backup : Ivan Prosvetov
Extra Forwards
Normal : Luca Del Bel Belluz, Kieffer Bellows, Akil Thomas - PP : Luca Del Bel Belluz, Kieffer Bellows - PK : Akil Thomas
Extra Defensemen
Normal : Lian Bichsel, Tyson Barrie, Lukas Cormier - PP : Lian Bichsel - PK : Ville Ottavainen, Lukas Cormier
Penalty Shots
Kieffer Bellows, Joshua Roy, Aatu Raty, Kyle MacLean, Akil Thomas
Custom OT Lines Forwards
Kieffer Bellows, Joshua Roy, Aatu Raty, Kyle MacLean, Akil Thomas, Samuel Poulin, Mikhail Maltsev, Emil Heineman, Ryan Tverberg, Zachary L'Heureux
Custom OT Lines Defensemen
Tyson Barrie, Ville Ottavainen, Lukas Cormier, Wyatte Wylie, Lian Bichsel
Scratches
Ryan O'Rourke (Healthy), Tyler Tullio (Healthy), Artemi Knyazev (Healthy), Oskar Pettersson (Healthy), Tyler Boucher (Healthy)
Tyrel Bauer (Healthy), Samuel Helenius (Healthy), Cross Hanas (Healthy), Dmitri Ovchinnikov (Healthy), Daniel D'Amato (Healthy)
Trevor Kuntar (Healthy), Ryan McAllister (Healthy), Chaz Lucius (Healthy), Cody Hodgson (Healthy), Malcolm Subban (Healthy)
Michael Hutchinson (Healthy)
Rampage
5 vs 5 Forward
Center Left Wing Right Wing Time % Phy DF OF
1 Cole Koepke Hudson Fasching Max Sasson 25 1 2 2
2 Ryan Suzuki Brad Malone Ryder Rolston 25 1 2 2
3 Rhett Gardner Michal Teply Waltteri Merela 25 1 2 2
4 Cole Koepke Ryan Suzuki Waltteri Merela 25 1 2 2
5 vs 5 Defense
Defense Defense Time % Phy DF OF
1 Brad Hunt Victor Soderstrom 25 1 2 2
2 Dawson Barteaux Lucas Johansen 25 1 2 2
3 Aaron Ness Alex Green 25 1 2 2
4 Brad Hunt Victor Soderstrom 25 1 2 2
PowerPlay Forward
Center Left Wing Right Wing Time % Phy DF OF
1 Waltteri Merela Cole Koepke Michal Teply 60 1 2 2
2 Ryan Suzuki Brad Malone Ryder Rolston 40 1 2 2
PowerPlay Defense
Defense Defense Time % Phy DF OF
1 Brad Hunt Victor Soderstrom 60 1 2 2
2 Dawson Barteaux Lucas Johansen 40 1 2 2
Penalty Kill 4 Players Forward
Center Wing Time % Phy DF OF
1 Michal Teply Waltteri Merela 60 1 2 2
2 Ryan Suzuki Brad Malone 40 1 2 2
Penalty Kill 4 Players Defense
Defense Defense Time % Phy DF OF
1 Brad Hunt Victor Soderstrom 60 1 2 2
2 Dawson Barteaux Lucas Johansen 40 1 2 2
Penalty Kill - 3 Players Forward
Forward Time % Phy DF OF
1 Ryan Suzuki 60 1 2 2
2 Waltteri Merela 40 1 2 2
Penalty Kill - 3 Players Defense
Defense Defense Time % Phy DF OF
1 Brad Hunt Victor Soderstrom 60 1 2 2
2 Dawson Barteaux Lucas Johansen 40 1 2 2
4 vs 4 Forward
Center Wing Time % Phy DF OF
1 Waltteri Merela Brad Malone 60 1 2 2
2 Ryan Suzuki Michal Teply 40 1 2 2
4 vs 4 Defense
Defense Defense Time % Phy DF OF
1 Brad Hunt Victor Soderstrom 60 1 2 2
2 Dawson Barteaux Lucas Johansen 40 1 2 2
Last Minutes Offensive
Center Left Wing Right Wing Defense Defense
Cole Koepke Hudson Fasching Waltteri Merela Brad Hunt Victor Soderstrom
Last Minutes Defensive
Center Left Wing Right Wing Defense Defense
Cole Koepke Hudson Fasching Waltteri Merela Brad Hunt Victor Soderstrom
Goaltenders
Starting : Michael Houser
Backup : Farm Goalie 1
Extra Forwards
Normal : Ryan Suzuki, Michal Teply, Waltteri Merela - PP : Ryan Suzuki, Michal Teply - PK : Ryan Suzuki
Extra Defensemen
Normal : Brad Hunt, Alex Green, Dawson Barteaux - PP : Victor Soderstrom - PK : Alex Green, Dawson Barteaux
Penalty Shots
Cole Koepke, Waltteri Merela, Ryan Suzuki, Michal Teply, Brad Malone
Custom OT Lines Forwards
Cole Koepke, Max Sasson, Ryan Suzuki, Hudson Fasching, Brad Malone, Ryder Rolston, Michal Teply, Rhett Gardner, Waltteri Merela, Caedan Bankier
Custom OT Lines Defensemen
Brad Hunt, Victor Soderstrom, Dawson Barteaux, Lucas Johansen, Alex Green
Scratches
Jayden Grubbe (Healthy), Riley Kidney (Healthy), Quinn Schmiemann (Healthy), Justin Addamo (Healthy), Nolan Yaremko (Healthy)
Tanner Kaspick (Healthy)
% Time on Ice - Moose
Lines # - Real PCT - Wanted PCT - Time Play
Normal Forward
1 - 16% - 25% - 5:22
2 - 32% - 25% - 10:53
3 - 34% - 25% - 11:40
4 - 18% - 25% - 6:11
Normal Defense
1 - 17% - 25% - 5:40
2 - 31% - 25% - 10:32
3 - 35% - 25% - 11:49
4 - 18% - 25% - 6:05
PP Forward
1 - 57% - 60% - 9:21
2 - 43% - 40% - 6:55
PP Defense
1 - 58% - 60% - 9:23
2 - 42% - 40% - 6:53
PK Forward
1 - 76% - 60% - 6:29
2 - 24% - 40% - 2:06
PK Defense
1 - 49% - 60% - 4:14
2 - 51% - 40% - 4:21
PK3 Forward
1 - 0% - 60%
2 - 0% - 40%
PK3 Defense
1 - 0% - 60%
2 - 0% - 40%
44 Forward
1 - 100% - 60% - 0:31
2 - 0% - 40% - 0:00
44 Defense
1 - 19% - 60% - 0:06
2 - 81% - 40% - 0:25
Last Minute Offensive - 0:32
Last Minute Defensive - 0:00
Total
Forward - 60:00
Defense - 60:00
|
% Time on Ice - Rampage
Lines # - Real PCT - Wanted PCT - Time Play
Normal Forward
1 - 38% - 25% - 13:01
2 - 32% - 25% - 10:55
3 - 29% - 25% - 10:10
4 - 2% - 25% - 0:32
Normal Defense
1 - 17% - 25% - 5:47
2 - 29% - 25% - 10:09
3 - 34% - 25% - 11:37
4 - 20% - 25% - 7:05
PP Forward
1 - 56% - 60% - 4:49
2 - 44% - 40% - 3:46
PP Defense
1 - 59% - 60% - 5:05
2 - 41% - 40% - 3:30
PK Forward
1 - 68% - 60% - 9:57
2 - 32% - 40% - 4:43
PK Defense
1 - 63% - 60% - 9:12
2 - 37% - 40% - 5:28
PK3 Forward
1 - 71% - 60% - 1:08
2 - 29% - 40% - 0:28
PK3 Defense
1 - 96% - 60% - 1:32
2 - 4% - 40% - 0:04
44 Forward
1 - 100% - 60% - 0:31
2 - 0% - 40% - 0:00
44 Defense
1 - 81% - 60% - 0:25
2 - 19% - 40% - 0:06
Last Minute Offensive - 0:00
Last Minute Defensive - 0:00
Total
Forward - 60:00
Defense - 60:00
|
Play-by-Play
1st period
0:01 of 1st period - Cole Koepke wins face-off versus Aatu Raty in neutral zone.
0:04 of 1st period - Aatu Raty is hit by Cole Koepke and loses puck.
0:14 of 1st period - Shot by Max Sasson.
0:14 of 1st period - Shot Blocked by Ville Ottavainen.
0:16 of 1st period - Shot by Victor Soderstrom.
0:16 of 1st period - Shot Blocked by Tyson Barrie.
0:18 of 1st period - Shot by Hudson Fasching.
0:18 of 1st period - Goal by Hudson Fasching - Moose : 0 - Rampage : 1.
0:19 of 1st period - Kyle MacLean wins face-off versus Ryan Suzuki in neutral zone.
0:26 of 1st period - Samuel Poulin is hit by Brad Malone and loses puck.
0:32 of 1st period - Ryan Suzuki is hit by Wyatte Wylie and loses puck.
0:45 of 1st period - Shot by Ryder Rolston.
0:45 of 1st period - Stopped by Jack Campbell without a rebound.
0:46 of 1st period - Akil Thomas wins face-off versus Rhett Gardner in Moose zone.
0:46 of 1st period - Akil Thomas is hit by Michal Teply.
1:15 of 1st period - Shot by Rhett Gardner.
1:15 of 1st period - Shot Misses the Net.
1:17 of 1st period - Shot by Aaron Ness.
1:17 of 1st period - Stopped by Jack Campbell without a rebound.
1:18 of 1st period - Cole Koepke wins face-off versus Zachary L'Heureux in Moose zone.
1:41 of 1st period - Shot by Hudson Fasching.
1:41 of 1st period - Shot Misses the Net.
1:43 of 1st period - Shot by Cole Koepke.
1:43 of 1st period - Shot Misses the Net.
1:57 of 1st period - Shot by Cole Koepke.
1:57 of 1st period - Stopped by Jack Campbell with a rebound.
2:11 of 1st period - Shot by Ryder Rolston.
2:11 of 1st period - Shot Misses the Net.
2:24 of 1st period - Icing by Ville Ottavainen.
2:25 of 1st period - Rhett Gardner wins face-off versus Zachary L'Heureux in Moose zone.
3:37 of 1st period - Ryan Suzuki is hit by Lukas Cormier and loses puck.
4:04 of 1st period - Shot by Ryan Suzuki.
4:04 of 1st period - Shot Misses the Net.
4:38 of 1st period - Shot by Mikhail Maltsev.
4:38 of 1st period - Stopped by Michael Houser without a rebound.
4:39 of 1st period - Cole Koepke wins face-off versus Akil Thomas in Rampage zone.
5:03 of 1st period - Shot by Mikhail Maltsev.
5:03 of 1st period - Stopped by Michael Houser with a rebound.
5:16 of 1st period - Icing by Daniil Chayka.
5:17 of 1st period - Akil Thomas wins face-off versus Waltteri Merela in Moose zone.
5:53 of 1st period - Ville Ottavainen is hit by Rhett Gardner and loses puck.
6:11 of 1st period - Minor Penalty to Ryan Suzuki for Roughing.
6:12 of 1st period - Kyle MacLean wins face-off versus Michal Teply in Rampage zone.
6:54 of 1st period - Shot by Tyson Barrie.
6:54 of 1st period - Stopped by Michael Houser without a rebound.
6:55 of 1st period - Michal Teply wins face-off versus Aatu Raty in Rampage zone.
6:55 of 1st period - Ryder Rolston is hit by Aatu Raty.
7:24 of 1st period - Shot by Luca Del Bel Belluz.
7:24 of 1st period - Deflect By Aatu Raty.
7:24 of 1st period - Stopped by Michael Houser with a rebound.
8:31 of 1st period - Shot by Hudson Fasching.
8:31 of 1st period - Shot Blocked by Daniil Chayka.
8:33 of 1st period - Shot by Hudson Fasching.
8:33 of 1st period - Shot Misses the Net.
8:35 of 1st period - Shot by Cole Koepke.
8:35 of 1st period - Shot Misses the Net.
9:56 of 1st period - Akil Thomas is hit by Brad Hunt and loses puck.
10:17 of 1st period - Shot by Mikhail Maltsev.
10:17 of 1st period - Shot Misses the Net.
10:20 of 1st period - Minor Penalty to Victor Soderstrom for Hooking.
10:21 of 1st period - Kyle MacLean wins face-off versus Michal Teply in Rampage zone.
10:22 of 1st period - Shot by Samuel Poulin.
10:22 of 1st period - Shot Misses the Net.
10:59 of 1st period - Off-side.
11:00 of 1st period - Aatu Raty wins face-off versus Michal Teply in neutral zone.
11:05 of 1st period - Waltteri Merela is hit by Akil Thomas.
12:16 of 1st period - Shot by Kyle MacLean.
12:16 of 1st period - Stopped by Michael Houser with a rebound.
12:18 of 1st period - Shot by Wyatte Wylie.
12:18 of 1st period - Stopped by Michael Houser without a rebound.
12:19 of 1st period - Brad Malone wins face-off versus Luca Del Bel Belluz in Rampage zone.
12:35 of 1st period - Lukas Cormier is hit by Victor Soderstrom and loses puck.
12:48 of 1st period - Ryan Tverberg is hit by Max Sasson and loses puck.
12:52 of 1st period - Minor Penalty to Max Sasson for Slashing.
12:53 of 1st period - Michal Teply wins face-off versus Samuel Poulin in Rampage zone.
13:11 of 1st period - Shot by Emil Heineman.
13:11 of 1st period - Shot Misses the Net.
13:13 of 1st period - Shot by Lian Bichsel.
13:13 of 1st period - Stopped by Michael Houser without a rebound.
13:14 of 1st period - Akil Thomas wins face-off versus Ryan Suzuki in Rampage zone.
13:19 of 1st period - Shot by Lukas Cormier.
13:19 of 1st period - Stopped by Michael Houser without a rebound.
13:20 of 1st period - Ryan Suzuki wins face-off versus Aatu Raty in Rampage zone.
13:45 of 1st period - Shot by Akil Thomas.
13:45 of 1st period - Shot Misses the Net.
13:47 of 1st period - Shot by Tyson Barrie.
13:47 of 1st period - Stopped by Michael Houser without a rebound.
13:48 of 1st period - Ryan Suzuki wins face-off versus Kyle MacLean in Rampage zone.
14:12 of 1st period - Icing by Samuel Poulin.
14:13 of 1st period - Kyle MacLean wins face-off versus Michal Teply in Moose zone.
15:18 of 1st period - Minor Penalty to Daniil Chayka for Tripping.
15:19 of 1st period - Ryder Rolston wins face-off versus Kieffer Bellows in Moose zone.
15:20 of 1st period - Shot by Brad Hunt.
15:20 of 1st period - Shot Misses the Net.
15:22 of 1st period - Shot by Brad Hunt.
15:22 of 1st period - Shot Misses the Net.
15:24 of 1st period - Shot by Ryan Suzuki.
15:24 of 1st period - Shot Misses the Net.
15:26 of 1st period - Shot by Ryder Rolston.
15:26 of 1st period - Stopped by Jack Campbell without a rebound.
15:27 of 1st period - Ryan Suzuki wins face-off versus Kieffer Bellows in Moose zone.
15:36 of 1st period - Shot by Brad Hunt.
15:36 of 1st period - Shot Blocked by Kieffer Bellows.
15:38 of 1st period - Shot by Brad Hunt.
15:38 of 1st period - Stopped by Jack Campbell without a rebound.
15:39 of 1st period - Akil Thomas wins face-off versus Waltteri Merela in Moose zone.
16:02 of 1st period - Shot by Waltteri Merela.
16:02 of 1st period - Shot Hit the Post.
16:12 of 1st period - Shot by Waltteri Merela.
16:12 of 1st period - Deflect By Michal Teply.
16:12 of 1st period - Stopped by Jack Campbell with a rebound.
16:30 of 1st period - Shot by Brad Malone.
16:30 of 1st period - Stopped by Jack Campbell without a rebound.
16:31 of 1st period - Aatu Raty wins face-off versus Ryan Suzuki in Moose zone.
17:34 of 1st period - Shot by Cole Koepke.
17:34 of 1st period - Stopped by Jack Campbell with a rebound.
17:40 of 1st period - Shot by Max Sasson.
17:40 of 1st period - Deflect By Hudson Fasching.
17:40 of 1st period - Stopped by Jack Campbell without a rebound.
17:41 of 1st period - Kyle MacLean wins face-off versus Rhett Gardner in Moose zone.
17:55 of 1st period - Victor Soderstrom is hit by Lukas Cormier and loses puck.
17:59 of 1st period - Michal Teply is hit by Lukas Cormier and loses puck.
18:02 of 1st period - Shot by Rhett Gardner.
18:02 of 1st period - Stopped by Jack Campbell with a rebound.
18:07 of 1st period - Minor Penalty to Lukas Cormier for Tripping.
18:08 of 1st period - Ryan Suzuki wins face-off versus Kieffer Bellows in Moose zone.
18:13 of 1st period - Shot by Lucas Johansen.
18:13 of 1st period - Shot Misses the Net.
18:23 of 1st period - Shot by Ryan Suzuki.
18:23 of 1st period - Shot Hit the Post.
18:25 of 1st period - Shot by Ryder Rolston.
18:25 of 1st period - Shot Blocked by Tyson Barrie.
18:27 of 1st period - Shot by Brad Malone.
18:27 of 1st period - Shot Misses the Net.
18:29 of 1st period - Shot by Ryan Suzuki.
18:29 of 1st period - Shot Blocked by Ville Ottavainen.
18:31 of 1st period - Shot by Brad Malone.
18:31 of 1st period - Shot Blocked by Ville Ottavainen.
18:33 of 1st period - Shot by Ryan Suzuki.
18:33 of 1st period - Shot Blocked by Tyson Barrie.
18:35 of 1st period - Shot by Brad Malone.
18:35 of 1st period - Shot Misses the Net.
18:37 of 1st period - Shot by Ryder Rolston.
18:37 of 1st period - Shot Misses the Net.
19:03 of 1st period - Shot by Brad Hunt.
19:03 of 1st period - Shot Misses the Net.
19:42 of 1st period - Off-side.
19:43 of 1st period - Aatu Raty wins face-off versus Ryan Suzuki in neutral zone.
Goals for this period are 0 for Moose vs 1 for Rampage.
Shots for this period are 9 for Moose vs 11 for Rampage.
2nd period
0:01 of 2nd period - Kieffer Bellows wins face-off versus Waltteri Merela in neutral zone.
0:06 of 2nd period - Shot by Kieffer Bellows.
0:06 of 2nd period - Shot Blocked by Brad Hunt.
0:08 of 2nd period - Shot by Emil Heineman.
0:08 of 2nd period - Shot Blocked by Lucas Johansen.
0:10 of 2nd period - Shot by Samuel Poulin.
0:10 of 2nd period - Stopped by Michael Houser without a rebound.
0:11 of 2nd period - Cole Koepke wins face-off versus Aatu Raty in Rampage zone.
0:11 of 2nd period - Cole Koepke is hit by Kieffer Bellows.
0:25 of 2nd period - Shot by Kieffer Bellows.
0:25 of 2nd period - Shot Misses the Net.
0:27 of 2nd period - Shot by Ville Ottavainen.
0:27 of 2nd period - Shot Blocked by Waltteri Merela.
0:29 of 2nd period - Shot by Kieffer Bellows.
0:29 of 2nd period - Stopped by Michael Houser without a rebound.
0:30 of 2nd period - Kyle MacLean wins face-off versus Cole Koepke in Rampage zone.
1:25 of 2nd period - Icing by Kieffer Bellows.
1:26 of 2nd period - Rhett Gardner wins face-off versus Aatu Raty in Moose zone.
1:26 of 2nd period - Waltteri Merela is hit by Ville Ottavainen and loses puck.
1:40 of 2nd period - Shot by Waltteri Merela.
1:40 of 2nd period - Stopped by Jack Campbell without a rebound.
1:41 of 2nd period - Akil Thomas wins face-off versus Ryan Suzuki in Moose zone.
1:41 of 2nd period - Ryan Tverberg is hit by Ryan Suzuki and loses puck.
2:11 of 2nd period - Minor Penalty to Brad Malone for Slashing.
2:12 of 2nd period - Aatu Raty wins face-off versus Michal Teply in Rampage zone.
2:12 of 2nd period - Tyson Barrie is hit by Lucas Johansen and loses puck.
2:17 of 2nd period - Shot by Tyson Barrie.
2:17 of 2nd period - Stopped by Michael Houser without a rebound.
2:18 of 2nd period - Kyle MacLean wins face-off versus Michal Teply in Rampage zone.
2:23 of 2nd period - Shot by Tyson Barrie.
2:23 of 2nd period - Shot Misses the Net.
2:37 of 2nd period - Shot by Tyson Barrie.
2:37 of 2nd period - Stopped by Michael Houser without a rebound.
2:38 of 2nd period - Aatu Raty wins face-off versus Michal Teply in Rampage zone.
2:43 of 2nd period - Shot by Kieffer Bellows.
2:43 of 2nd period - Deflect By Akil Thomas.
2:43 of 2nd period - Goal by Akil Thomas - Moose : 1 - Rampage : 1.
2:44 of 2nd period - Aatu Raty wins face-off versus Ryan Suzuki in neutral zone.
2:55 of 2nd period - Icing by Victor Soderstrom.
2:56 of 2nd period - Kyle MacLean wins face-off versus Ryan Suzuki in Rampage zone.
3:08 of 2nd period - Icing by Brad Hunt.
3:09 of 2nd period - Ryan Suzuki wins face-off versus Kieffer Bellows in Rampage zone.
3:09 of 2nd period - Brad Hunt is hit by Kieffer Bellows and loses puck.
3:13 of 2nd period - Brad Hunt is hit by Aatu Raty and loses puck.
3:33 of 2nd period - Icing by Tyson Barrie.
3:34 of 2nd period - Rhett Gardner wins face-off versus Aatu Raty in Moose zone.
3:34 of 2nd period - Waltteri Merela is hit by Ville Ottavainen and loses puck.
3:39 of 2nd period - Shot by Waltteri Merela.
3:39 of 2nd period - Shot Misses the Net.
3:41 of 2nd period - Shot by Michal Teply.
3:41 of 2nd period - Stopped by Jack Campbell without a rebound.
3:42 of 2nd period - Kyle MacLean wins face-off versus Rhett Gardner in Moose zone.
3:42 of 2nd period - Samuel Poulin is hit by Rhett Gardner and loses puck.
3:48 of 2nd period - Minor Penalty to Michal Teply for Roughing.
3:49 of 2nd period - Ryan Suzuki wins face-off versus Kyle MacLean in Rampage zone.
4:44 of 2nd period - Shot by Kieffer Bellows.
4:44 of 2nd period - Stopped by Michael Houser without a rebound.
4:45 of 2nd period - Aatu Raty wins face-off versus Ryan Suzuki in Rampage zone.
5:26 of 2nd period - Shot by Emil Heineman.
5:26 of 2nd period - Stopped by Michael Houser with a rebound.
5:35 of 2nd period - Shot by Samuel Poulin.
5:35 of 2nd period - Shot Blocked by Waltteri Merela.
5:37 of 2nd period - Shot by Samuel Poulin.
5:37 of 2nd period - Shot Blocked by Waltteri Merela.
5:39 of 2nd period - Shot by Kyle MacLean.
5:39 of 2nd period - Stopped by Michael Houser without a rebound.
5:40 of 2nd period - Aatu Raty wins face-off versus Caedan Bankier in Rampage zone.
5:43 of 2nd period - Shot by Ville Ottavainen.
5:43 of 2nd period - Stopped by Michael Houser without a rebound.
5:44 of 2nd period - Caedan Bankier wins face-off versus Aatu Raty in Rampage zone.
5:57 of 2nd period - Lian Bichsel is hit by Max Sasson and loses puck.
6:27 of 2nd period - Shot by Zachary L'Heureux.
6:27 of 2nd period - Stopped by Michael Houser without a rebound.
6:28 of 2nd period - Ryan Suzuki wins face-off versus Samuel Poulin in Rampage zone.
6:28 of 2nd period - Ryan Suzuki is hit by Kyle MacLean.
7:16 of 2nd period - Shot by Aatu Raty.
7:16 of 2nd period - Shot Misses the Net.
7:18 of 2nd period - Shot by Zachary L'Heureux.
7:18 of 2nd period - Shot Blocked by Lucas Johansen.
7:20 of 2nd period - Shot by Aatu Raty.
7:20 of 2nd period - Shot Blocked by Ryan Suzuki.
7:22 of 2nd period - Shot by Wyatte Wylie.
7:22 of 2nd period - Shot Blocked by Dawson Barteaux.
7:29 of 2nd period - Shot by Aatu Raty.
7:29 of 2nd period - Stopped by Michael Houser with a rebound.
7:31 of 2nd period - Shot by Kieffer Bellows.
7:31 of 2nd period - Stopped by Michael Houser without a rebound.
7:32 of 2nd period - Max Sasson wins face-off versus Akil Thomas in Rampage zone.
8:23 of 2nd period - Shot by Kieffer Bellows.
8:23 of 2nd period - Stopped by Michael Houser without a rebound.
8:24 of 2nd period - Kyle MacLean wins face-off versus Rhett Gardner in Rampage zone.
8:29 of 2nd period - Shot by Samuel Poulin.
8:29 of 2nd period - Shot Misses the Net.
8:34 of 2nd period - Icing by Waltteri Merela.
8:35 of 2nd period - Zachary L'Heureux wins face-off versus Rhett Gardner in Rampage zone.
8:48 of 2nd period - Shot by Kieffer Bellows.
8:48 of 2nd period - Shot Misses the Net.
8:50 of 2nd period - Shot by Zachary L'Heureux.
8:50 of 2nd period - Stopped by Michael Houser with a rebound.
8:52 of 2nd period - Shot by Ville Ottavainen.
8:52 of 2nd period - Shot Misses the Net.
8:54 of 2nd period - Shot by Tyson Barrie.
8:54 of 2nd period - Stopped by Michael Houser without a rebound.
8:55 of 2nd period - Kyle MacLean wins face-off versus Ryan Suzuki in Rampage zone.
9:35 of 2nd period - Shot by Rhett Gardner.
9:35 of 2nd period - Stopped by Jack Campbell with a rebound.
10:11 of 2nd period - Shot by Joshua Roy.
10:11 of 2nd period - Stopped by Michael Houser without a rebound.
10:12 of 2nd period - Cole Koepke wins face-off versus Akil Thomas in Rampage zone.
10:21 of 2nd period - Shot by Hudson Fasching.
10:21 of 2nd period - Stopped by Jack Campbell without a rebound.
10:22 of 2nd period - Zachary L'Heureux wins face-off versus Cole Koepke in Moose zone.
10:38 of 2nd period - Minor Penalty to Alex Green for Delaying the game.
10:39 of 2nd period - Aatu Raty wins face-off versus Michal Teply in Rampage zone.
11:00 of 2nd period - Shot by Kieffer Bellows.
11:00 of 2nd period - Shot Hit the Post.
11:01 of 2nd period - Minor Penalty to Victor Soderstrom for Tripping.
11:02 of 2nd period - Ryan Suzuki wins face-off versus Kyle MacLean in Rampage zone.
11:58 of 2nd period - Shot by Waltteri Merela.
11:58 of 2nd period - Stopped by Jack Campbell without a rebound.
11:59 of 2nd period - Akil Thomas wins face-off versus Waltteri Merela in Moose zone.
12:20 of 2nd period - Shot by Akil Thomas.
12:20 of 2nd period - Stopped by Michael Houser without a rebound.
12:21 of 2nd period - Kyle MacLean wins face-off versus Brad Malone in Rampage zone.
12:22 of 2nd period - Shot by Samuel Poulin.
12:22 of 2nd period - Shot Misses the Net.
12:24 of 2nd period - Shot by Kyle MacLean.
12:24 of 2nd period - Stopped by Michael Houser without a rebound.
12:25 of 2nd period - Ryan Suzuki wins face-off versus Kyle MacLean in Rampage zone.
12:25 of 2nd period - Ryan Suzuki is hit by Kyle MacLean.
12:38 of 2nd period - Icing by Emil Heineman.
12:39 of 2nd period - Kyle MacLean wins face-off versus Michal Teply in Moose zone.
12:45 of 2nd period - Off-side.
12:46 of 2nd period - Aatu Raty wins face-off versus Michal Teply in neutral zone.
12:53 of 2nd period - Shot by Kieffer Bellows.
12:53 of 2nd period - Shot Misses the Net.
13:02 of 2nd period - Minor Penalty to Aaron Ness for Tripping.
13:03 of 2nd period - Michal Teply wins face-off versus Kyle MacLean in Rampage zone.
13:03 of 2nd period - Michal Teply is hit by Samuel Poulin.
13:18 of 2nd period - Waltteri Merela is hit by Wyatte Wylie and loses puck.
13:29 of 2nd period - Shot by Lukas Cormier.
13:29 of 2nd period - Shot Misses the Net.
13:31 of 2nd period - Shot by Lukas Cormier.
13:31 of 2nd period - Shot Misses the Net.
13:33 of 2nd period - Shot by Kyle MacLean.
13:33 of 2nd period - Stopped by Michael Houser without a rebound.
13:34 of 2nd period - Ryan Suzuki wins face-off versus Aatu Raty in Rampage zone.
13:34 of 2nd period - Lucas Johansen is hit by Kieffer Bellows and loses puck.
13:43 of 2nd period - Shot by Tyson Barrie.
13:43 of 2nd period - Shot Misses the Net.
13:45 of 2nd period - Shot by Tyson Barrie.
13:45 of 2nd period - Stopped by Michael Houser without a rebound.
13:46 of 2nd period - Ryan Suzuki wins face-off versus Aatu Raty in Rampage zone.
14:59 of 2nd period - Shot by Kyle MacLean.
14:59 of 2nd period - Stopped by Michael Houser without a rebound.
15:00 of 2nd period - Kyle MacLean wins face-off versus Michal Teply in Rampage zone.
16:20 of 2nd period - Shot by Rhett Gardner.
16:20 of 2nd period - Shot Blocked by Wyatte Wylie.
16:40 of 2nd period - Shot by Ryan Suzuki.
16:40 of 2nd period - Stopped by Jack Campbell without a rebound.
16:41 of 2nd period - Ryan Suzuki wins face-off versus Aatu Raty in Moose zone.
16:41 of 2nd period - Brad Malone is hit by Ville Ottavainen and loses puck.
17:13 of 2nd period - Shot by Joshua Roy.
17:13 of 2nd period - Stopped by Michael Houser without a rebound.
17:14 of 2nd period - Akil Thomas wins face-off versus Cole Koepke in Rampage zone.
17:14 of 2nd period - Minor Penalty to Victor Soderstrom for Roughing.
17:15 of 2nd period - Aatu Raty wins face-off versus Michal Teply in Rampage zone.
17:53 of 2nd period - Shot by Tyson Barrie.
17:53 of 2nd period - Stopped by Michael Houser without a rebound.
17:54 of 2nd period - Brad Malone wins face-off versus Kyle MacLean in Rampage zone.
17:54 of 2nd period - Lucas Johansen is hit by Samuel Poulin.
18:06 of 2nd period - Shot by Tyson Barrie.
18:06 of 2nd period - Stopped by Michael Houser without a rebound.
18:07 of 2nd period - Aatu Raty wins face-off versus Ryan Suzuki in Rampage zone.
18:08 of 2nd period - Shot by Tyson Barrie.
18:08 of 2nd period - Shot Misses the Net.
18:27 of 2nd period - Akil Thomas is hit by Brad Hunt and loses puck.
18:42 of 2nd period - Minor Penalty to Samuel Poulin for Holding.
18:43 of 2nd period - Luca Del Bel Belluz wins face-off versus Waltteri Merela in Moose zone.
18:49 of 2nd period - Off-side.
18:50 of 2nd period - Luca Del Bel Belluz wins face-off versus Waltteri Merela in neutral zone.
19:07 of 2nd period - Shot by Waltteri Merela.
19:07 of 2nd period - Stopped by Jack Campbell without a rebound.
19:08 of 2nd period - Kieffer Bellows wins face-off versus Waltteri Merela in Moose zone.
19:17 of 2nd period - Shot by Joshua Roy.
19:17 of 2nd period - Shot Misses the Net.
19:41 of 2nd period - Shot by Lucas Johansen.
19:41 of 2nd period - Shot Blocked by Ville Ottavainen.
19:43 of 2nd period - Shot by Waltteri Merela.
19:43 of 2nd period - Stopped by Jack Campbell without a rebound.
19:44 of 2nd period - Brad Malone wins face-off versus Kieffer Bellows in Moose zone.
19:47 of 2nd period - Shot by Victor Soderstrom.
19:47 of 2nd period - Shot Misses the Net.
Goals for this period are 1 for Moose vs 0 for Rampage.
Shots for this period are 24 for Moose vs 8 for Rampage.
3rd period
0:01 of 3rd period - Kieffer Bellows wins face-off versus Waltteri Merela in neutral zone.
0:04 of 3rd period - Cole Koepke is hit by Joshua Roy and loses puck.
0:55 of 3rd period - Shot by Akil Thomas.
0:55 of 3rd period - Shot Misses the Net.
1:13 of 3rd period - Shot by Ryan Suzuki.
1:13 of 3rd period - Stopped by Jack Campbell without a rebound.
1:14 of 3rd period - Cole Koepke wins face-off versus Kyle MacLean in Moose zone.
1:14 of 3rd period - Hudson Fasching is hit by Ville Ottavainen and loses puck.
1:28 of 3rd period - Cole Koepke is hit by Ville Ottavainen and loses puck.
1:31 of 3rd period - Shot by Max Sasson.
1:31 of 3rd period - Deflect By Hudson Fasching.
1:31 of 3rd period - Stopped by Jack Campbell with a rebound.
1:33 of 3rd period - Shot by Hudson Fasching.
1:33 of 3rd period - Shot Misses the Net.
1:35 of 3rd period - Shot by Max Sasson.
1:35 of 3rd period - Shot Misses the Net.
1:41 of 3rd period - Shot by Max Sasson.
1:41 of 3rd period - Shot Misses the Net.
1:43 of 3rd period - Shot by Alex Green.
1:43 of 3rd period - Shot Misses the Net.
1:45 of 3rd period - Shot by Cole Koepke.
1:45 of 3rd period - Shot Misses the Net.
1:47 of 3rd period - Shot by Aaron Ness.
1:47 of 3rd period - Stopped by Jack Campbell without a rebound.
1:48 of 3rd period - Rhett Gardner wins face-off versus Aatu Raty in Moose zone.
1:55 of 3rd period - Victor Soderstrom is hit by Zachary L'Heureux.
1:59 of 3rd period - Shot by Kieffer Bellows.
1:59 of 3rd period - Stopped by Michael Houser with a rebound.
2:21 of 3rd period - Icing by Rhett Gardner.
2:22 of 3rd period - Waltteri Merela wins face-off versus Ryan Tverberg in Rampage zone.
2:29 of 3rd period - Shot by Akil Thomas.
2:29 of 3rd period - Stopped by Michael Houser without a rebound.
2:30 of 3rd period - Ryan Suzuki wins face-off versus Kyle MacLean in Rampage zone.
2:44 of 3rd period - Icing by Lucas Johansen.
2:45 of 3rd period - Ryan Suzuki wins face-off versus Akil Thomas in Rampage zone.
2:51 of 3rd period - Off-side.
2:52 of 3rd period - Joshua Roy wins face-off versus Cole Koepke in neutral zone.
3:05 of 3rd period - Shot by Max Sasson.
3:05 of 3rd period - Stopped by Jack Campbell without a rebound.
3:06 of 3rd period - Ryan Tverberg wins face-off versus Rhett Gardner in Moose zone.
3:06 of 3rd period - Ryan Tverberg is hit by Michal Teply.
3:14 of 3rd period - Lucas Johansen is hit by Mikhail Maltsev and loses puck.
3:20 of 3rd period - Dawson Barteaux is hit by Ryan Tverberg and loses puck.
3:26 of 3rd period - Minor Penalty to Lukas Cormier for Tripping.
3:27 of 3rd period - Ryan Suzuki wins face-off versus Kieffer Bellows in Moose zone.
3:41 of 3rd period - Shot by Brad Hunt.
3:41 of 3rd period - Shot Misses the Net.
3:43 of 3rd period - Shot by Brad Hunt.
3:43 of 3rd period - Shot Misses the Net.
3:45 of 3rd period - Shot by Brad Hunt.
3:45 of 3rd period - Stopped by Jack Campbell without a rebound.
3:46 of 3rd period - Kieffer Bellows wins face-off versus Waltteri Merela in Moose zone.
3:46 of 3rd period - Kieffer Bellows is hit by Cole Koepke.
4:06 of 3rd period - Shot by Kyle MacLean.
4:06 of 3rd period - Deflect By Aatu Raty.
4:06 of 3rd period - Stopped by Michael Houser without a rebound.
4:07 of 3rd period - Kieffer Bellows wins face-off versus Brad Malone in Rampage zone.
4:22 of 3rd period - Shot by Brad Hunt.
4:22 of 3rd period - Shot Blocked by Tyson Barrie.
4:24 of 3rd period - Shot by Brad Hunt.
4:24 of 3rd period - Shot Blocked by Tyson Barrie.
4:26 of 3rd period - Shot by Brad Hunt.
4:26 of 3rd period - Stopped by Jack Campbell with a rebound.
4:28 of 3rd period - Shot by Victor Soderstrom.
4:28 of 3rd period - Deflect By Ryan Suzuki.
4:28 of 3rd period - Stopped by Jack Campbell without a rebound.
4:29 of 3rd period - Waltteri Merela wins face-off versus Aatu Raty in Moose zone.
4:32 of 3rd period - Shot by Waltteri Merela.
4:32 of 3rd period - Shot Misses the Net.
4:46 of 3rd period - Shot by Lucas Johansen.
4:46 of 3rd period - Stopped by Jack Campbell without a rebound.
4:47 of 3rd period - Ryan Suzuki wins face-off versus Aatu Raty in Moose zone.
4:52 of 3rd period - Shot by Brad Hunt.
4:52 of 3rd period - Shot Misses the Net.
4:54 of 3rd period - Shot by Brad Hunt.
4:54 of 3rd period - Stopped by Jack Campbell without a rebound.
4:55 of 3rd period - Waltteri Merela wins face-off versus Kieffer Bellows in Moose zone.
4:58 of 3rd period - Shot by Brad Hunt.
4:58 of 3rd period - Stopped by Jack Campbell without a rebound.
4:59 of 3rd period - Kieffer Bellows wins face-off versus Cole Koepke in Moose zone.
5:34 of 3rd period - Icing by Ryan Tverberg.
5:35 of 3rd period - Akil Thomas wins face-off versus Ryan Suzuki in Moose zone.
5:40 of 3rd period - Shot by Mikhail Maltsev.
5:40 of 3rd period - Shot Misses the Net.
5:42 of 3rd period - Shot by Mikhail Maltsev.
5:42 of 3rd period - Deflect By Akil Thomas.
5:42 of 3rd period - The goal is going for a video replay.
5:42 of 3rd period - The goal is refused.
5:43 of 3rd period - Kyle MacLean wins face-off versus Cole Koepke in Rampage zone.
5:48 of 3rd period - Shot by Emil Heineman.
5:48 of 3rd period - Shot Misses the Net.
5:50 of 3rd period - Shot by Samuel Poulin.
5:50 of 3rd period - Stopped by Michael Houser without a rebound.
5:51 of 3rd period - Akil Thomas wins face-off versus Cole Koepke in Rampage zone.
5:51 of 3rd period - Akil Thomas is hit by Victor Soderstrom.
5:56 of 3rd period - Ryan Tverberg is hit by Brad Hunt and loses puck.
6:01 of 3rd period - Shot by Akil Thomas.
6:01 of 3rd period - Shot Blocked by Cole Koepke.
6:03 of 3rd period - Shot by Mikhail Maltsev.
6:03 of 3rd period - Stopped by Michael Houser without a rebound.
6:04 of 3rd period - Cole Koepke wins face-off versus Zachary L'Heureux in Rampage zone.
6:04 of 3rd period - Cole Koepke is hit by Zachary L'Heureux.
6:30 of 3rd period - Shot by Cole Koepke.
6:30 of 3rd period - Shot Blocked by Lukas Cormier.
6:37 of 3rd period - Hudson Fasching is hit by Lukas Cormier and loses puck.
7:11 of 3rd period - Shot by Kyle MacLean.
7:11 of 3rd period - Stopped by Michael Houser with a rebound.
7:17 of 3rd period - Shot by Emil Heineman.
7:17 of 3rd period - Stopped by Michael Houser without a rebound.
7:18 of 3rd period - Ryan Suzuki wins face-off versus Akil Thomas in Rampage zone.
7:25 of 3rd period - Ryan Suzuki is hit by Daniil Chayka and loses puck.
8:41 of 3rd period - Shot by Kieffer Bellows.
8:41 of 3rd period - Shot Misses the Net.
8:57 of 3rd period - Shot by Lukas Cormier.
8:57 of 3rd period - Stopped by Michael Houser without a rebound.
8:58 of 3rd period - Rhett Gardner wins face-off versus Akil Thomas in Rampage zone.
9:19 of 3rd period - Shot by Michal Teply.
9:19 of 3rd period - Shot Blocked by Lian Bichsel.
9:29 of 3rd period - Shot by Michal Teply.
9:29 of 3rd period - Shot Misses the Net.
9:31 of 3rd period - Shot by Michal Teply.
9:31 of 3rd period - Stopped by Jack Campbell without a rebound.
9:32 of 3rd period - Ryan Suzuki wins face-off versus Aatu Raty in Moose zone.
11:35 of 3rd period - Mikhail Maltsev is hit by Alex Green and loses puck.
11:41 of 3rd period - Icing by Aaron Ness.
11:42 of 3rd period - Zachary L'Heureux wins face-off versus Rhett Gardner in Rampage zone.
11:51 of 3rd period - Minor Penalty to Alex Green for Cross-checking.
11:52 of 3rd period - Ryan Suzuki wins face-off versus Kyle MacLean in Rampage zone.
13:05 of 3rd period - Shot by Wyatte Wylie.
13:05 of 3rd period - Shot Misses the Net.
13:07 of 3rd period - Shot by Kieffer Bellows.
13:07 of 3rd period - Shot Misses the Net.
13:34 of 3rd period - Shot by Aatu Raty.
13:34 of 3rd period - Shot Blocked by Lucas Johansen.
13:58 of 3rd period - Shot by Max Sasson.
13:58 of 3rd period - Shot Blocked by Daniil Chayka.
14:00 of 3rd period - Shot by Hudson Fasching.
14:00 of 3rd period - Stopped by Jack Campbell with a rebound.
14:02 of 3rd period - Shot by Cole Koepke.
14:02 of 3rd period - Stopped by Jack Campbell with a rebound.
14:04 of 3rd period - Shot by Max Sasson.
14:04 of 3rd period - Stopped by Jack Campbell with a rebound.
14:06 of 3rd period - Shot by Hudson Fasching.
14:06 of 3rd period - Stopped by Jack Campbell without a rebound.
14:07 of 3rd period - Akil Thomas wins face-off versus Cole Koepke in Moose zone.
14:07 of 3rd period - Akil Thomas is hit by Hudson Fasching.
14:19 of 3rd period - Shot by Ryan Tverberg.
14:19 of 3rd period - Stopped by Michael Houser without a rebound.
14:20 of 3rd period - Ryan Suzuki wins face-off versus Kyle MacLean in Rampage zone.
14:45 of 3rd period - Shot by Ryan Suzuki.
14:45 of 3rd period - Stopped by Jack Campbell with a rebound.
14:47 of 3rd period - Shot by Victor Soderstrom.
14:47 of 3rd period - Stopped by Jack Campbell with a rebound.
14:49 of 3rd period - Shot by Victor Soderstrom.
14:49 of 3rd period - Stopped by Jack Campbell without a rebound.
14:50 of 3rd period - Zachary L'Heureux wins face-off versus Rhett Gardner in Moose zone.
14:50 of 3rd period - Zachary L'Heureux is hit by Waltteri Merela.
14:58 of 3rd period - Shot by Zachary L'Heureux.
14:58 of 3rd period - Stopped by Michael Houser without a rebound.
14:59 of 3rd period - Cole Koepke wins face-off versus Akil Thomas in Rampage zone.
15:13 of 3rd period - Shot by Mikhail Maltsev.
15:13 of 3rd period - Stopped by Michael Houser with a rebound.
16:08 of 3rd period - Minor Penalty to Lian Bichsel for Hooking.
16:09 of 3rd period - Kieffer Bellows wins face-off versus Ryan Suzuki in Moose zone.
17:16 of 3rd period - Shot by Brad Hunt.
17:16 of 3rd period - Shot Misses the Net.
17:18 of 3rd period - Shot by Cole Koepke.
17:18 of 3rd period - Goal by Cole Koepke - Moose : 1 - Rampage : 2.
17:19 of 3rd period - Kyle MacLean wins face-off versus Cole Koepke in neutral zone.
18:45 of 3rd period - Ryan Suzuki is hit by Ville Ottavainen and loses puck.
19:03 of 3rd period - Moose, Jack Campbell is pulled from the net.
19:45 of 3rd period - Shot by Aatu Raty.
19:45 of 3rd period - Stopped by Michael Houser with a rebound.
19:49 of 3rd period - Shot by Kieffer Bellows.
19:49 of 3rd period - Shot Blocked by Michal Teply.
19:51 of 3rd period - Shot by Aatu Raty.
19:51 of 3rd period - Goal by Aatu Raty - Moose : 2 - Rampage : 2.
19:51 of 3rd period - Jack Campbell from Moose was sent back in the game.
19:52 of 3rd period - Kyle MacLean wins face-off versus Cole Koepke in neutral zone.
Goals for this period are 1 for Moose vs 1 for Rampage.
Shots for this period are 14 for Moose vs 19 for Rampage.
Overtime #1
0:01 of 1st overtime period - Ryan Suzuki wins face-off versus Kieffer Bellows in neutral zone.
1:04 of 1st overtime period - Icing by Hudson Fasching.
1:05 of 1st overtime period - Max Sasson wins face-off versus Aatu Raty in Rampage zone.
1:05 of 1st overtime period - Max Sasson is hit by Kyle MacLean.
1:27 of 1st overtime period - Shot by Hudson Fasching.
1:27 of 1st overtime period - Stopped by Jack Campbell without a rebound.
1:28 of 1st overtime period - Kieffer Bellows wins face-off versus Max Sasson in Moose zone.
1:57 of 1st overtime period - Shot by Joshua Roy.
1:57 of 1st overtime period - Shot Misses the Net.
2:04 of 1st overtime period - Icing by Hudson Fasching.
2:05 of 1st overtime period - Max Sasson wins face-off versus Aatu Raty in Rampage zone.
2:26 of 1st overtime period - Shot by Kyle MacLean.
2:26 of 1st overtime period - Shot Blocked by Brad Hunt.
2:51 of 1st overtime period - Shot by Ryan Suzuki.
2:51 of 1st overtime period - Stopped by Jack Campbell without a rebound.
2:52 of 1st overtime period - Brad Malone wins face-off versus Kieffer Bellows in Moose zone.
3:51 of 1st overtime period - Shot by Max Sasson.
3:51 of 1st overtime period - Shot Blocked by Ville Ottavainen.
3:53 of 1st overtime period - Shot by Cole Koepke.
3:53 of 1st overtime period - Stopped by Jack Campbell without a rebound.
3:54 of 1st overtime period - Aatu Raty wins face-off versus Ryan Suzuki in Moose zone.
4:03 of 1st overtime period - Shot by Aatu Raty.
4:03 of 1st overtime period - Shot Misses the Net.
4:11 of 1st overtime period - Shot by Ryan Suzuki.
4:11 of 1st overtime period - Stopped by Jack Campbell without a rebound.
4:12 of 1st overtime period - Aatu Raty wins face-off versus Max Sasson in Moose zone.
4:45 of 1st overtime period - Shot by Akil Thomas.
4:45 of 1st overtime period - Stopped by Michael Houser without a rebound.
4:46 of 1st overtime period - Ryan Suzuki wins face-off versus Samuel Poulin in Rampage zone.
Goals for this period are 0 for Moose vs 0 for Rampage.
Shots for this period are 1 for Moose vs 4 for Rampage.
ShootOut
5:00 of 1st overtime period - Round #1.
5:00 of 1st overtime period - Moose, Kieffer Bellows.
5:00 of 1st overtime period - Shot Misses the Net.
5:00 of 1st overtime period - Rampage, Cole Koepke.
5:00 of 1st overtime period - Stopped by Jack Campbell.
5:00 of 1st overtime period - Round #2.
5:00 of 1st overtime period - Moose, Joshua Roy.
5:00 of 1st overtime period - Goal by Joshua Roy.
5:00 of 1st overtime period - Rampage, Waltteri Merela.
5:00 of 1st overtime period - Goal by Waltteri Merela.
5:00 of 1st overtime period - Round #3.
5:00 of 1st overtime period - Moose, Aatu Raty.
5:00 of 1st overtime period - Goal by Aatu Raty.
5:00 of 1st overtime period - Rampage, Ryan Suzuki.
5:00 of 1st overtime period - Goal by Ryan Suzuki.
5:00 of 1st overtime period - Round #4.
5:00 of 1st overtime period - Moose, Kyle MacLean.
5:00 of 1st overtime period - Stopped by Michael Houser.
5:00 of 1st overtime period - Rampage, Michal Teply.
5:00 of 1st overtime period - Stopped by Jack Campbell.
5:00 of 1st overtime period - Round #5.
5:00 of 1st overtime period - Moose, Akil Thomas.
5:00 of 1st overtime period - Stopped by Michael Houser.
5:00 of 1st overtime period - Rampage, Brad Malone.
5:00 of 1st overtime period - Shot Misses the Net.
5:00 of 1st overtime period - Round #6.
5:00 of 1st overtime period - Moose, Samuel Poulin.
5:00 of 1st overtime period - Stopped by Michael Houser.
5:00 of 1st overtime period - Rampage, Hudson Fasching.
5:00 of 1st overtime period - Stopped by Jack Campbell.
5:00 of 1st overtime period - Round #7.
5:00 of 1st overtime period - Moose, Emil Heineman.
5:00 of 1st overtime period - Stopped by Michael Houser.
5:00 of 1st overtime period - Rampage, Max Sasson.
5:00 of 1st overtime period - Shot Misses the Net.
5:00 of 1st overtime period - Round #8.
5:00 of 1st overtime period - Moose, Zachary L'Heureux.
5:00 of 1st overtime period - Goal by Zachary L'Heureux.
5:00 of 1st overtime period - Rampage, Caedan Bankier.
5:00 of 1st overtime period - Stopped by Jack Campbell.
Back to the Top